AoeStats
← [Marty]TheEY

Nomad

509177813Analyzed
3v3 RM · 7d ago on Sep 25, 2026· 26m 34s· 6 players
Game mode
Random Map
Map size
210×210
Population
200
Speed
Normal
Resources
Standard
Victory
Conquest
Starting age
Dark Age
Ending age
Imperial Age
RankedLock teamsTeams togetherTeam positionsShared explorationLock speedFull tech treeHidden civsTurbo modeCheats
Victory
Defeat
🇭🇰 Italians · Hong Kong SAR China
1566
+9
🇭🇰 Varangians · Hong Kong SAR China
1558
+9
🇭🇰 Saxons · Hong Kong SAR China
1485
+11
🇮🇹 Varangians · Italy
1433
-11
🇦🇷 Dravidians · Argentina
1403
-10
🇬🇧 Vikings · United Kingdom
1335
-8
cdb
5:44 Loom
12:23 Feudal Age
12:52 Double-Bit Axe
12:58 Gold Mining
17:29 Fishing Lines
20:20 Castle Age
20:05 Fletching
21:38 Medium Warships
26:16 Bodkin Arrow
[BRANCA] Lord_FeDe
5:00 Loom
13:06 Feudal Age
22:43 Castle Age
23:39 Medium Warships
23:27 Double-Bit Axe
piantaz
9:54 Loom
12:01 Feudal Age
15:37 Castle Age
16:52 Double-Bit Axe
21:42 Bow Saw
happy伯
5:19 Loom
12:47 Feudal Age
13:28 Double-Bit Axe
15:32 Fletching
21:34 Castle Age
20:34 Gold Mining
22:10 Bodkin Arrow
22:34 Medium Warships
23:28 Bow Saw
26:20 Ballistics
phlui1122
2:52 Loom
12:37 Feudal Age
16:38 Castle Age
14:32 Double-Bit Axe
17:57 Town Watch
18:51 Wheelbarrow
23:39 Horse Collar
24:01 Scale Mail Armor
26:33 Chain Mail Armor
[Marty]TheEY
12:27 Feudal Age
13:28 Town Watch
16:34 Castle Age
16:56 Double-Bit Axe
18:22 Fletching
24:18 Bodkin Arrow
25:38 Loom
Connection lost

Rejoining the realm…

Still unreachable

The connection could not be restored.

Session expired

The server has moved on; the page needs a fresh start.